cohdb
Replays
Latest Replays
All Replays
Popular Replays
Top Player Replays
Match Explorer
How It Works
Community
CoH3 Stats
Reddit
Sign in to upload your games and track your stats! →
Sign in with Steam
Match 43136173
Unlisted
Match 43136173
Overview
Messages
Build Orders
End
Kettenkrad Recon Vehicle
Construct Infanterie Kompanie
Grenadier Squad
Grenadier Squad
Grenadier Squad
Construct Luftwaffe Kompanie
221 Scout Car
Jäger Squad
Flak 30 Anti-aircraft Gun Team
Selects Mechanized Battlegroup
Selects Raid Package
Selects StuG Assault Group
StuG Assault Group
Support Elements
Marder III M Tank Destroyer
Luftwaffe Officer Quarters
Marder III M Tank Destroyer
MG 42 Machine Gun Team
StuG Assault Group
Selects Mobile Repair Stations
Selects Wespe Self-propelled Artillery
Selects Mechanized Assault
Mechanized Assault
Side Skirts
Mechanized Assault
Pioneer Squad
Infanterie Officer Quarters
Medical Station
Phenotype
matrix4x4
0
0
Comments
sign in to comment!
No comments posted yet!